 Dungeon Crawl Stone Soup version 0.30-a0-989-g0d87f670db (webtiles) character file.

Game seed: 9948831328533930815

27 2tousent the Slasher (level 2, -2/11 (25) HPs)
             Began as a Draconian Reaver on Apr 3, 2023.
             Slain by a worm (6 damage)
             ... on level 2 of the Dungeon.
             The game lasted 00:01:51 (572 turns).

2tousent the Slasher (Draconian Reaver)              Turns: 572, Time: 00:01:51

HP:   -2/11 (25)    AC:  4    Str: 14    XL:     2   Next: 93%
MP:   2/5           EV: 12    Int: 13    God:
Gold: 23            SH:  0    Dex:  9    Spells: 4/5 levels left

rFire   . . .      SeeInvis .    a - +0 falchion
rCold   . . .      Faith    .    (no shield)
rNeg    . . .      Spirit   .    (body armour unavailable)
rPois   .          Reflect  .    (helmet restricted)
rElec   .          Rampage  .    (no cloak)
rCorr   .                        (no gloves)
Will    .....                    (no boots)
Stlth   +                        (no amulet)
HPRegen 0.21/turn                (no ring)
MPRegen 0.09/turn                (no ring)

@: very slightly contaminated, extremely drained
A: AC +4, unfitting armour, cold-blooded
a: no special abilities


You were on level 2 of the Dungeon.
You visited 1 branch of the dungeon, and saw 2 of its levels.

You collected 23 gold pieces.

Inventory:

Hand Weapons
 a - a +0 falchion (weapon)
Jewellery
 e - a ring of ice
Scrolls
 d - a scroll of magic mapping {unknown}
Potions
 b - a potion of brilliance {unknown}
 c - a potion of curing {unknown}


   Skills:
 + Level 2.5 Fighting
 * Level 3.4 Long Blades
 + Level 2.1 Dodging
 - Level 2.0 Spellcasting
 + Level 3.2 Conjurations


You had 4 spell levels left.
You knew the following spells:

 Your Spells              Type           Power      Damage    Failure   Level
a - Kiss of Death         Conj/Necr      20%        2d7       13%         1

Your spell library contained the following spells:

 Spells                   Type           Power      Damage    Failure   Level
 Momentum Strike          Conj/Tloc      10%        3d8       21%         2
 Sublimation of Blood     Necr           1%         N/A       36%         2
 Wereblood                Tmut           1%         N/A       36%         2
 Hailstorm                Conj/Ice       5%         3d4       36%         3
 Summon Hydra             Summ           0%         N/A       100%        7


Dungeon Overview and Level Annotations

Branches:
Dungeon (2/15)

Altars:


Innate Abilities, Weirdness & Mutations

Your plain brown scales are hard. (AC +4)
You cannot fit into any form of body armour.
You are cold-blooded and may be slowed by cold attacks.


Message History

The ball python bites you. The ball python constricts you.
You hit the ball python but do no damage.
The ball python is moderately wounded.
The ball python bites you but does no damage.
The ball python constricts you. The ball python bites you.
The ball python constricts you.
* * * LOW HITPOINT WARNING * * *
You barely miss the ball python.
The ball python is moderately wounded.
The ball python barely misses you. The ball python constricts you.
You are too injured to fight recklessly!
Casting: Kiss of Death (safe; 13% risk of failure)
Confirm with . or Enter, or press ? or * to list all spells.
Aiming: Kiss of Death (safe; 13% risk of failure)
Press: ? - help, Shift-Dir - straight line, f - ball python
Aim: a ball python (moderately wounded, constricting you, 100% to hit)
You miscast Kiss of Death.
You are very lightly contaminated with residual magic.
Nothing appears to happen.
The ball python bites you.
* * * LOW HITPOINT WARNING * * *
The ball python constricts you.
Casting: Kiss of Death (safe; 13% risk of failure)
Confirm with . or Enter, or press ? or * to list all spells.
Aiming: Kiss of Death (safe; 13% risk of failure)
Press: ? - help, Shift-Dir - straight line, f/p - ball python
Aim: a ball python (moderately wounded, constricting you, 100% to hit)
The negative energy hits the ball python!
The ball python is drained!
You kill the ball python!
You feel drained. The worm barely misses you.
Casting: Kiss of Death (safe; 13% risk of failure)
Confirm with . or Enter, or press ? or * to list all spells.
Aiming: Kiss of Death (safe; 13% risk of failure)
Press: ? - help, Shift-Dir - straight line, f - worm
Aim: a worm (100% to hit)
The negative energy hits the worm!
The worm is drained!
The worm is severely wounded.
You feel drained. The worm bites you.
Ouch! That really hurt!
You die...

. ..#... ..#....
#.$$....
#####......#..
#..@.......#...
#.w.(...........
#................
#................
#..............#
######..............#.
......................
........).............
........<....)........


You could see a worm (drained).

Vanquished Creatures
  2 dart slugs (D:1)
  3 ball pythons
  A giant cockroach (D:1)
  3 goblins
  5 hobgoblins
  2 kobolds (D:2)
  2 bats (D:1)
  3 frilled lizards (D:1)
  A rat (D:1)
22 creatures vanquished.

Notes
Turn   | Place    | Note
-------+----------+-------------------------------------------
     0 | D:1      | 2tousent the Draconian Reaver began the quest for the Orb.
     0 | D:1      | Reached XP level 1. HP: 17/17 MP: 3/3
   214 | D:1      | Reached XP level 2. HP: 17/25 MP: 5/5
   572 | D:2      | Slain by a worm

Illustrated notes

Levels and vault maps discovered:
D:1:      roderic_octagonal_star, layout_rooms
D:2:      layout_rooms, hellmonk_ecumenical_altar_lost_god,
          kennysheep_generic_room_2, uniq_terence, uniq_sigmund

Skill      XL: |  1  2 |
---------------+-------+-----
Dodging        | 2 |  2.1
Fighting       | |  2.5
Long Blades    | |  3.4
Spellcasting   | |  2.0
Conjurations   | |  3.2

Action                     || total
---------------------------++-------
  Melee: Falchion          ||    77
         Tailslap          ||     9
   Cast: Kiss of Death     ||     3
   Stab: Sleeping          ||     1
 Armour: Skin              ||    11
  Dodge: Dodged            ||    66

Table legend: (Time is in decaauts)
 A = Elapsed time spent in this place.
 B = Non-inter-level travel time spent in this place.
 C = Inter-level travel time spent in this place.
 D = Time resting spent in this place.
 E = Time spent auto-exploring this place.
 F = Levels seen in this place.
 G = Mean time per level.
                   A        B        C        D        E       F      G
               +--------+--------+--------+--------+--------+-----+--------+
         Total |    582 |    565 |     17 |      0 |    401 |   2 |  291.0 |
       Dungeon |    582 |    565 |     17 |      0 |    401 |   2 |  291.0 |
               +--------+--------+--------+--------+--------+-----+--------+

Top non-repeatable levels by time:
     D:1: 529 daAuts
     D:2: 53 daAuts
